 Dungeon Crawl Stone Soup version 0.29-a0-103-g37f86683bf (webtiles) character file.

Game seed: 3133463471948844802

11096 kae the Grappler (level 11, -3/112 HPs)
             Began as a Purple Draconian Transmuter on Feb 15, 2022.
             Was an Initiate of Ru.
             Slain by a two-headed ogre (8 damage)
             ... on level 9 of the Dungeon.
             The game lasted 00:10:10 (12973 turns).

kae the Grappler (Purple Draconian Transmuter)     Turns: 12973, Time: 00:10:11

Health: -3/112     AC:  6    Str: 14    XL:     11   Next: 44%
Magic:  0/20       EV: 11    Int: 23    God:    Ru [......]
Gold:   1194       SH:  0    Dex: 11    Spells: 14/22 levels left

rFire   x . .      SeeInvis .     - Unarmed
rCold   + + +      Faith    .   (shield currently unavailable)
rNeg    + . .      Spirit   +   (armour unavailable)
rPois   +          Reflect  .   (helmet currently unavailable)
rElec   .          Harm     .   (cloak currently unavailable)
rCorr   .          Rampage  .   (gloves currently unavailable)
Will    +....                   (boots currently unavailable)
Stlth   +.........              b - amulet of guardian spirit
HPRegen 0.28/turn               f - +6 ring of intelligence
MPRegen 0.17/turn               k - ring of positive energy

@: ice-form, corroded
A: freezing attack, amphibious, boosted hp, (breathe power), AC +7, large,
unfitting armour, (cold-blooded)
a: End Transformation, Renounce Religion


You were on level 9 of the Dungeon.
You worshipped Ru.
Ru was noncommittal.
You were a creature of crystalline ice.
You visited 2 branches of the dungeon, and saw 10 of its levels.
You also visited: Sewer and Bailey.

You collected 1194 gold pieces.

Inventory:

Armour
 a - a scarf of shadows
 m - the +2 ratskin cloak (melded) {*Rats rPois rN+ Str-1 Int-1 Dex+1}
   (You found it on level 3 of the Dungeon)

   When the wearer is hurt, rats may emerge from it to assist them.
   Str:       It affects your strength (-1).
   Int:       It affects your intelligence (-1).
   Dex:       It affects your dexterity (+1).
   rPois:     It protects you from poison.
   rN:        It protects you from negative energy.
 z - a +0 pair of boots of flying (melded)
Jewellery
 b - an amulet of guardian spirit (around neck)
 f - a +6 ring of intelligence (left front paw)
 k - a ring of positive energy (right front paw)
 r - an amulet of the acrobat
 t - a ring of flight
 v - a +6 ring of intelligence
 B - a +6 ring of dexterity
Wands
 l - a wand of flame (10)
 q - a wand of polymorph (12)
 y - a wand of mindburst (9)
 A - a wand of acid (14)
Scrolls
 h - a scroll of enchant armour
 n - a scroll of summoning
 w - a scroll of teleportation
 x - a scroll of fear
Potions
 c - a potion of degeneration
 d - 5 potions of lignification
 e - 4 potions of heal wounds
 g - 4 potions of brilliance
 i - 3 potions of curing
 j - 5 potions of mutation
 o - a potion of magic
 p - a potion of resistance {unknown}
 s - a potion of attraction {unknown}
 u - 2 potions of flight


   Skills:
 + Level 8.3 Fighting
 + Level 5.1 Dodging
 * Level 11.2 Unarmed Combat
 + Level 6.2 Spellcasting
 * Level 11.0 Transmutations
 - Level 5.0 Ice Magic
 - Level 2.0 Poison Magic


You had 14 spell levels left.
You knew the following spells:

 Your Spells              Type           Power      Damage    Failure   Level
a - Beastly Appendage     Tmut           100%       N/A       1%          1
b - Spider Form           Tmut/Pois      37%        N/A       1%          3
c - Ice Form              Ice/Tmut       43%        N/A       3%          4

Your spell library contained the following spells:

 Spells                   Type           Power      Damage    Failure   Level
 Wereblood                Tmut           55%        N/A       1%          2
 Ignite Poison            Fire/Tmut/Pois 27%        N/A       4%          3
 Slow                     Hex            28%        N/A       9%          1
 Blink                    Tloc           14%        N/A       13%         2
 Scorch                   Fire           14%        2d5       13%         2
 Mephitic Cloud           Conj/Pois/Air  10%        N/A       19%         3
 Call Canine Familiar     Summ           7%         N/A       26%         3
 Confusing Touch          Hex            7%         N/A       26%         3
 Portal Projectile        Hex/Tloc       14%        N/A       26%         3
 Vampiric Draining        Necr           7%         2d6       26%         3
 Flame Wave               Conj/Fire      7%         2d5       63%         4
 Leda's Liquefaction      Hex/Erth       3%         N/A       63%         4
 Freezing Cloud           Conj/Ice/Air   7%         6-21      75%         5
 Manifold Assault         Tloc           7%         N/A       93%         5
 Summon Cactus Giant      Summ           3%         N/A       100%        6
 Storm Form               Tmut/Air       16%        N/A       100%        7


Dungeon Overview and Level Annotations

Branches:
Dungeon (9/15)             Temple (1/1) D:7            Lair (0/6) D:9
  Sewer (visited)          Bailey (visited)
    Orc: D:9-12

Altars:
Ashenzari
Cheibriados
Dithmenos
Elyvilon
Fedhas
Hepliaklqana
Kikubaaqudgha
Makhleb
Nemelex Xobeh
Okawaru
Qazlal
Ru
Sif Muna
Trog
Uskayaw
Vehumet
Wu Jian
Xom
Yredelemnul
Zin
The Shining One

Shops:
D:3 (   D:5 :   D:6 (   D:7 [


Innate Abilities, Weirdness & Mutations

You are a creature of crystalline ice.
You have a powerful freezing melee attack.
You are amphibious.
Your maximum health is increased.
Your armour is entirely melded.
You are incapable of wielding weapons or throwing items.
((You can breathe bolts of dispelling energy.))
((Your rich purple scales are hard. (AC +7)))
You cannot fit into any form of body armour.
((You are cold-blooded and may be slowed by cold attacks.))


Message History

An acid dragon is nearby!
Casting: Ice Form (mildly dangerous; 3% risk of failure)
Confirm with . or Enter, or press ? or * to list all spells.
You extend your transformation's duration.
The acid dragon spits acid at you. The splash of acid hits you!!
The acid corrodes you!
You hear two shouts!
You hear an angry hiss.
Found 12 bolts.
The acid dragon bites you. The acid dragon barely misses you.
You punch the acid dragon! You freeze the acid dragon!
The acid dragon is almost dead.
The acid dragon barely misses you.
The acid dragon claws you but does no damage.
You punch the acid dragon! You freeze the acid dragon.
You kill the acid dragon!
Your Transmutations skill increases to level 11!
No target in view!
No target in view!
A two-headed ogre comes into view.
It is wielding a +0 giant club and a +0 dire flail.
No reachable target in view!
A two-headed ogre is nearby!
A two-headed ogre is nearby!
Casting: Ice Form (mildly dangerous; 3% risk of failure)
Confirm with . or Enter, or press ? or * to list all spells.
You fail to extend your transformation any further.
The two-headed ogre hits you with a +0 giant club!!
The two-headed ogre hits you with a +0 dire flail!
You are too injured to fight recklessly!
You are too injured to fight recklessly!
You are too injured to fight recklessly!
You are too injured to fight recklessly!
The two-headed ogre hits you with a +0 giant club!!
The two-headed ogre hits you with a +0 dire flail!
* * * LOW HITPOINT WARNING * * *
You punch the two-headed ogre! You freeze the two-headed ogre.
The two-headed ogre is moderately wounded.
The two-headed ogre hits you with a +0 giant club!!
* * * LOW HITPOINT WARNING * * *
The two-headed ogre hits you with a +0 dire flail!
You die...

#...≈##
#≈...#
#.≈≈.#
#...≈#
#...≈#
#.≈≈.#
#≈...#
#..O≈##
##Y≈.(#
##....#
###...#
##...
##.. ##


You could see a two-headed ogre.

Vanquished Creatures
  2 two-headed ogres (D:8)
  3 death yaks (D:9)
  2 orc knights (Bailey)
  A deep elf pyromancer (D:7)
  A gargoyle (D:7)
  7 yaks (D:7)
  An acid dragon (D:9)
  3 water moccasins (D:7)
  A sky beast (D:7)
  6 orc warriors
  2 black bears (D:7)
  4 necrophages
  2 ogres
  4 centaurs
  2 phantoms
  2 kobold brigands
  A gnoll sergeant (D:5)
  3 bullfrogs (D:7)
  A water moccasin zombie (D:7)
  4 scorpions
  3 killer bees (D:7)
  8 wights
  4 howler monkeys
  A bullfrog zombie (D:6)
  2 centaur zombies
  A jelly (D:8)
  A hound (D:5)
  3 orc priests
  2 bullfrog skeletons (D:5)
  2 centaur skeletons (D:7)
  2 iguanas
  Jessica (D:2)
  2 scorpion zombies (D:5)
  3 hell rats (D:9)
  9 orc wizards
  Natasha (thrice) (D:2)
  A killer bee zombie (D:8)
  A howler monkey skeleton (D:4)
  A howler monkey zombie (D:7)
  9 gnolls
  8 adders
  4 river rats
  2 shadow imps
  2 white imps
  2 ufetubi
  2 adder skeletons
  A worm (Sewer)
  4 dart slugs
  31 orcs
  8 endoplasms
  7 giant cockroaches
  10 goblins
  9 hobgoblins
  10 quokkas
  8 ball pythons
  5 bats
  2 frilled lizards
  34 kobolds
  6 rats
266 creatures vanquished.

Vanquished Creatures (collateral kills)
  An iguana (D:4)
1 creature vanquished.

Grand Total: 267 creatures vanquished

Notes
Turn   | Place    | Note
-------+----------+-------------------------------------------
     0 | D:1      | kae the Draconian Transmuter began the quest for the Orb.
     0 | D:1      | Reached XP level 1. HP: 16/16 MP: 3/3
   202 | D:1      | Reached XP level 2. HP: 18/23 MP: 3/5
   977 | D:1      | Reached XP level 3. HP: 20/28 MP: 4/6
  1153 | D:1      | You fall into a shaft and drop 1 floor!
  1179 | D:2      | Noticed Natasha
  1187 | D:2      | Killed Natasha
  1554 | D:2      | Noticed Natasha
  1875 | D:2      | Learned a level 3 spell: Spider Form
  1895 | D:2      | Reached XP level 4. HP: 25/35 MP: 5/7
  1935 | D:2      | Noticed Jessica
  1942 | D:2      | Killed Jessica
  2200 | D:2      | Killed Natasha
  2201 | D:2      | Reached skill level 1 in Poison Magic
  2340 | D:2      | Noticed Natasha
  2349 | D:2      | Killed Natasha
  2350 | D:2      | Reached XP level 5. HP: 19/41 MP: 1/8
  2695 | D:3      | Learned a level 4 spell: Ice Form
  2701 | D:3      | Found the +2 ratskin cloak {*Rats rPois rN+ Str-1 Int-1
                  | Dex+1}
  3235 | D:3      | Found a snail-covered altar of Cheibriados.
  3415 | D:3      | Found a shadowy altar of Dithmenos.
  3418 | D:3      | Found a bloodstained altar of Trog.
  3419 | D:3      | Found a glowing golden altar of the Shining One.
  3419 | D:3      | Found a glowing silver altar of Zin.
  3426 | D:3      | Found a shimmering altar of Xom.
  3439 | D:3      | Found Piller's Weapon Boutique.
  3771 | D:4      | Reached skill level 1 in Ice Magic
  3891 | D:4      | Reached XP level 6. HP: 48/48 MP: 7/9
  4700 | D:4      | Your scales start taking on a rich purple colour.
  4700 | D:4      | Reached XP level 7. HP: 56/56 MP: 7/12
  5254 | D:5      | Entered Level 5 of the Dungeon
  5312 | D:5      | Found a glowing drain.
  5333 | Sewer    | Entered a sewer
  5723 | Sewer    | Reached skill level 5 in Unarmed Combat
  5891 | Sewer    | Reached XP level 8. HP: 71/71 MP: 13/13
  6886 | D:5      | Reached XP level 9. HP: 78/78 MP: 10/15
  6997 | D:5      | Found Heon Jeh's Book Shoppe.
  7310 | D:6      | Found Taha's Antique Weapon Shoppe.
  8296 | D:6      | Found a white marble altar of Elyvilon.
  8305 | D:6      | Found a radiant altar of Vehumet.
  8534 | D:7      | Noticed a deep elf pyromancer
  8543 | D:7      | Killed a deep elf pyromancer
  8609 | D:7      | Reached skill level 10 in Unarmed Combat
  8617 | D:7      | Reached XP level 10. HP: 66/86 MP: 9/17
  8662 | D:7      | Found a shimmering blue altar of Sif Muna.
  8768 | D:7      | Found Degohy's Antique Armour Emporium.
  8907 | D:7      | Reached skill level 5 in Spellcasting
  8940 | D:7      | Noticed a gargoyle
  8946 | D:7      | Killed a gargoyle
  8947 | D:7      | Reached skill level 10 in Transmutations
  9005 | D:7      | Found a flagged portal.
  9011 | Bailey   | Entered a bailey
  9201 | Bailey   | Noticed an orc knight
  9280 | Bailey   | Noticed an orc knight
  9290 | Bailey   | Killed an orc knight
  9291 | Bailey   | Reached skill level 5 in Ice Magic
  9478 | Bailey   | Killed an orc knight
 10058 | D:7      | Found a staircase to the Ecumenical Temple.
 10377 | D:7      | Found a blossoming altar of Fedhas.
 10740 | D:8      | Noticed a two-headed ogre
 10748 | D:8      | Killed a two-headed ogre
 10749 | D:8      | Reached XP level 11. HP: 94/94 MP: 13/19
 11305 | D:8      | Noticed a two-headed ogre
 11311 | D:8      | Killed a two-headed ogre
 11837 | D:9      | Noticed a death yak
 11837 | D:9      | Noticed a death yak
 11837 | D:9      | Noticed a death yak
 11837 | D:9      | Found a staircase to the Lair.
 11973 | D:9      | Killed a death yak
 11975 | D:9      | Killed a death yak
 11986 | D:9      | Killed a death yak
 11987 | D:9      | Reached skill level 5 in Dodging
 12107 | Temple   | Entered the Ecumenical Temple
 12535 | Temple   | Became a worshipper of Ru the Awakened
 12965 | D:9      | Noticed a two-headed ogre
 12973 | D:9      | HP: 5/112 [two-headed ogre (19)]
 12973 | D:9      | Slain by a two-headed ogre

Illustrated notes

Levels and vault maps discovered:
D:1:      heliophobic_arrival_ceremonial_halls, layout_rooms, minmay_misc_feat_x
D:2:      layout_rooms, uniq_natasha, uniq_jessica
D:3:      layout_basic, grunt_temple_overflow_open, serial_shops,
          nicolae_shop_bloodbath_and_beyond
D:4:      layout_rooms
D:5:      layout_basic, serial_shops, shop, gup_sewer_entry_pipe
D:6:      layout_loops_corners, mainiacjoe_overflow_swirl, serial_shops, shop,
          minmay_misc_feat_four_crosses
D:7:      cheibrodos_fzero, layout_cave_pods, lemuel_tele_altar,
          kennysheep_mini_moat, minmay_temple_entry_from_below_b,
          enter_bailey_2, serial_shops, nicolae_shop_waterfront
D:8:      layout_basic, hangedman_abyss_or_decor_stabs
D:9:      layout_rooms, dpeg_lair_monsters, nzn_random_ring
Temple:   minmay_temple_curvy_loop

Skill      XL: |  1  2  3  4  5  6  7  8  9 10 11 |
---------------+----------------------------------+-----
Dodging        | 2 3 4 5 |  5.1
Transmutations | 3 4 9 10 11 | 11.0
Poison Magic   | 1 2 |  2.0
Fighting       | 2 6 7 8 |  8.3
Unarmed Combat | 4 9 10 11 | 11.2
Ice Magic      | 1 2 3 4 5 |  5.0
Spellcasting   | 3 4 5 6 |  6.2

Action                   |  1- 3 |  4- 6 |  7- 9 | 10-12 || total
-------------------------+-------+-------+-------+-------++-------
Melee: Unarmed           |    96 |   135 |   261 |   262 ||   754
       Tailslap          |     8 |    14 |     8 |     1 ||    31
       Kick              |    13 |    14 |       |       ||    27
       Punch             |     1 |     3 |     6 |     1 ||    11
       Headbutt          |     7 |    11 |       |       ||    18
 Cast: Beastly Appendage |    19 |    19 |       |       ||    38
       Spider Form       |       |     8 |    12 |       ||    20
       Ice Form          |       |     3 |    24 |    37 ||    64
 Abil: Breathe Dispellin |       |       |     2 |       ||     2
  Use: Scroll            |     1 |     5 |    10 |     4 ||    20
       Potion            |       |       |     2 |     1 ||     3
Armor: Skin              |    15 |    33 |    62 |   108 ||   218
Dodge: Dodged            |    64 |    81 |   150 |   131 ||   426

Table legend: (Time is in decaauts)
 A = Elapsed time spent in this place.
 B = Non-inter-level travel time spent in this place.
 C = Inter-level travel time spent in this place.
 D = Time resting spent in this place.
 E = Time spent auto-exploring this place.
 F = Levels seen in this place.
 G = Mean time per level.
                   A        B        C        D        E       F      G
               +--------+--------+--------+--------+--------+-----+--------+
         Total |  12974 |  12586 |    388 |   2251 |   8048 |  12 | 1081.2 |
       Dungeon |  10912 |  10594 |    318 |   1849 |   6848 |   9 | 1212.4 |
        Temple |    457 |    387 |     70 |      0 |    382 |   1 |  457.0 |
         Sewer |    636 |    636 |      0 |      0 |    480 |   1 |  636.0 |
        Bailey |    968 |    968 |      0 |    402 |    337 |   1 |  968.0 |
               +--------+--------+--------+--------+--------+-----+--------+

Top non-repeatable levels by time:
     D:2: 1491 daAuts
     D:3: 1490 daAuts
     D:6: 1422 daAuts
     D:8: 1259 daAuts
     D:5: 1201 daAuts
     D:4: 1174 daAuts
     D:1: 1152 daAuts
     D:7: 1146 daAuts
  Bailey: 968 daAuts
   Sewer: 636 daAuts
     D:9: 574 daAuts
  Temple: 457 daAuts
